 Dungeon Crawl Stone Soup version 0.25.1-2-g60ff931df9 (webtiles) character file.

Game seed: 11502527559742904038

414922 DogServant the Brawler (level 22, -7/399 HPs)
             Began as a Red Draconian Transmuter on Nov 12, 2020.
             Was the Champion of Makhleb.
             Mangled by a tentacled monstrosity (8 damage)
             ... on level 5 of the Vaults.
             The game lasted 02:11:14 (59326 turns).

DogServant the Brawler (Red Draconian Transmuter)  Turns: 59326, Time: 02:11:14

Health: -7/399     AC: 34    Str: 19    XL:     22   Next: 54%
Magic:  28/28      EV: 21    Int: 14    God:    Makhleb [******]
Gold:   694        SH: 12    Dex: 17    Spells: 2/33 levels left

rFire    + + .     SeeInvis .     - Unarmed
rCold    + . .     Gourm    .   z - +2 buckler {AC+3}
rNeg     + . .     Faith    .   (armour unavailable)
rPois    ∞         Spirit   .   S - +2 hat
rElec    +         Reflect  +   l - scarf {rC+ rF+}
rCorr    .         Harm     .   (gloves currently unavailable)
MR       ++...                  (boots currently unavailable)
Stlth    ..........             p - amulet of reflection
HPRegen  0.76/turn              E - +4 ring of protection
MPRegen  0.21/turn              U - ring of protection from magic

@: berserking, statue-form, silence, very slightly contaminated, constricted,
invisible, quick
A: (breathe fire), unfitting armour, camouflage 1, agile 1, deterioration 1,
fire resistance 1, low mp 1, screaming 1, cold-blooded, AC +11
}: 2/15 runes: barnacled, gossamer
a: End Transformation, Renounce Religion


You were on level 5 of the Vaults.
You worshipped Makhleb.
Makhleb was exalted by your worship.
You were not hungry.
You were a stone statue.
You visited 8 branches of the dungeon, and saw 40 of its levels.
You visited the Abyss 4 times.
You also visited: Volcano.

You collected 5165 gold pieces.
You spent 4471 gold pieces at shops.

Inventory:

Hand Weapons
 O - the +9 staff of Wucad Mu {channel}
   (You took it off a deep elf annihilator on level 3 of the Elven Halls)
Missiles
 a - 1318 arrows
Armour
 g - a +2 pair of boots (melded)
 l - a scarf of resistance (worn)
 z - a +2 buckler of protection (worn)
 K - a +2 pair of gloves of dexterity (melded)
 P - the +2 cloak of the Soldier {rN+}
   (You found it on level 4 of the Vaults)

   It protects you from negative energy.
 S - a +2 hat (worn)
Jewellery
 p - an amulet of reflection (around neck)
 y - an uncursed ring of protection from cold
 E - a +4 ring of protection (left hand)
 N - a +4 ring of evasion
 U - a ring of protection from magic (right hand)
 W - an uncursed ring of protection from fire
Wands
 r - a wand of disintegration (6)
 v - a wand of digging (12)
 w - a wand of clouds (5)
 F - a wand of flame (46)
 R - a wand of acid (45)
 X - a wand of iceblast (45)
Scrolls
 e - 13 scrolls of identify
 i - 3 scrolls of blinking
 j - 4 scrolls of immolation
 m - 18 scrolls of remove curse
 o - 5 scrolls of enchant armour
 q - a scroll of enchant weapon
 t - a scroll of amnesia
 C - 11 scrolls of fog
 D - 7 scrolls of magic mapping
 G - 9 scrolls of teleportation
 J - 2 scrolls of holy word
 T - 3 scrolls of fear
Potions
 b - 7 potions of haste
 d - a potion of mutation
 f - 2 potions of invisibility
 h - 3 potions of might
 k - 17 potions of curing
 n - 7 potions of flight
 u - 6 potions of brilliance
 H - a potion of magic
 I - 5 potions of lignification
 L - 3 potions of berserk rage
 M - 4 potions of ambrosia
 Z - a potion of resistance
Miscellaneous
 A - a phial of floods
Comestibles
 c - 33 rations
 x - 11 chunks of flesh


   Skills:
 - Level 19.0 Fighting
 - Level 15.0 Dodging
 - Level 4.0 Shields
 - Level 19.2 Unarmed Combat
 - Level 6.1 Spellcasting
 + Level 12.2 Necromancy
 - Level 17.3 Transmutations
 - Level 10.5 Earth Magic
 - Level 12.0 Invocations


You had 2 spell levels left.
You knew the following spells:

 Your Spells              Type           Power        Failure   Level  Hunger
a - Necromutation         Tmut/Necr      #####.....   93%         8    #######
b - Sticks to Snakes      Tmut           ######..     1%          2    #......
c - Spider Form           Tmut/Pois      ####......   1%          3    ###....
d - Blade Hands           Tmut           ######....   1%          5    ######.
e - Dragon Form           Tmut           ######....   11%         7    #######
f - Statue Form           Tmut/Erth      #####....    8%          6    #######

Your spell library contained the following spells:

 Spells                   Type           Power        Failure   Level  Hunger
 Beastly Appendage        Tmut           ######       0%          1    None
 Corona                   Hex            #......      16%         1    None
 Foxfire                  Conj/Fire      #...         16%         1    None
 Magic Dart               Conj           #...         16%         1    None
 Summon Butterflies       Summ           #.......     16%         1    None
 Call Imp                 Summ           #.......     24%         2    #......
 Ensorcelled Hibernation  Hex/Ice        #.....       24%         2    #......
 Searing Ray              Conj           #.....       24%         2    #......
 Petrify                  Tmut/Erth      #####...     1%          4    ####...
 Ice Form                 Ice/Tmut       ####....     4%          4    ####...
 Lee's Rapid Deconstruct  Erth           ####......   6%          5    ######.
 Yara's Violent Unravell  Hex/Tmut       ####......   12%         5    ######.
 Leda's Liquefaction      Hex/Erth       ###.......   19%         4    ####...
 Call Canine Familiar     Summ           #.......     43%         3    ###....
 Confusing Touch          Hex            #.......     43%         3    ###....
 Dazzling Flash           Conj/Hex       #.....       43%         3    ###....
 Gell's Gravitas          Tloc           #.........   43%         3    ###....
 Tukima's Dance           Hex            #.......     43%         3    ###....
 Bolt of Magma            Conj/Fire/Erth ##........   71%         5    ######.
 Cause Fear               Hex            #.........   83%         4    ####...
 Fulminant Prism          Conj/Hex       #.........   83%         4    ####...
 Iskenderun's Mystic Bla  Conj/Tloc      #.......     83%         4    ####...
 Summon Ice Beast         Ice/Summ       #.......     83%         4    ####...
 Iron Shot                Conj/Erth      ###.......   95%         6    #######
 Metabolic Englaciation   Hex/Ice        #.........   99%         5    ######.
 Silence                  Hex/Air        #.........   99%         5    ######.
 Summon Demon             Summ           #.........   99%         5    ######.
 Summon Mana Viper        Hex/Summ       #.......     99%         5    ######.
 Haunt                    Necr/Summ      ###.......   100%        7    #######
 Malign Gateway           Summ/Tloc      #.........   100%        7    #######
 Summon Hydra             Summ           #.........   100%        7    #######
 Borgnjor's Revivificati  Necr           #####.....   100%        8    #######
 Death's Door             Chrm/Necr      ###.......   100%        8    #######
 Discord                  Hex            #.........   100%        8    #######
 Infestation              Necr           #####.....   100%        8    #######
 Dragon's Call            Summ           #.........   100%        9    #######
 Shatter                  Erth           ####......   100%        9    #######


Dungeon Overview and Level Annotations

Branches:
Dungeon (15/15)            Temple (1/1) D:5            Lair (6/6) D:8
 Shoals (4/4) Lair:2       Spider (4/4) Lair:2        Slime (0/5) Lair:5
    Orc (2/2) D:11            Elf (3/3) Orc:2        Vaults (5/5) D:13
  Crypt (0/3) Vaults:2     Depths (0/5) D:15        Volcano (visited)

Altars:
Ashenzari
Cheibriados
Dithmenos
Elyvilon
Fedhas
Gozag
Hepliaklqana
Kikubaaqudgha
Makhleb
Nemelex Xobeh
Okawaru
Qazlal
Ru
Sif Muna
Trog
Uskayaw
Vehumet
Wu Jian
Xom
Yredelemnul
Zin
The Shining One
Beogh

Shops:
D:13 ?*   Orc:2 ![!:   Elf:1 *?(

Portals:
Pandemonium: Orc:2
Trove: Vaults:1 (give 5 potions of resistance)

Annotations:
D:3 1 runed translucent door, MrPhil's ghost, amateur MiBe
D:7 2 transporters
D:12 3 runed translucent doors, Mryle's ghost, journeyman OpWn; bananovenc's ghost, journeyman GnSk
Elf:2 1 runed translucent door


Innate Abilities, Weirdness & Mutations

((You can breathe blasts of fire.))
((Your fiery red scales are hard. (AC +11)))
You cannot fit into any form of body armour.
Your flesh is heat resistant. (rF+)
You are cold-blooded and may be slowed by cold attacks.
Your skin changes colour to match your surroundings (Stealth+).
You are agile. (Dex +2)
Your body sometimes deteriorates upon taking damage.
Your magical capacity is low. (-10% MP)
You occasionally shout uncontrollably at your foes.


Message History

The vault guard is engulfed in freezing vapours.
You block the vault guard's attack. The vault guard misses you.
A yaktaur comes into view.
The ironheart preserver looks as sick as possible!
The vault guard misses you.
The vault guard is engulfed in poison gas.
The vault guard looks as sick as possible!
The vault guard is engulfed in poison gas.
The vault guard looks as sick as possible! x2
The vault guard is engulfed in poison gas.
The vault guard looks as sick as possible!
The vault guard hits you from afar with a +0 glaive.
* * * LOW HITPOINT WARNING * * *
The tengu reaver is engulfed in freezing vapours.
The tentacled monstrosity is engulfed in freezing vapours.
The tentacled monstrosity tentacle-slaps you.
* * * LOW HITPOINT WARNING * * *
You block the tentacled monstrosity's attack.
The tentacled monstrosity tentacle-slaps you but does no damage.
You die...

#^...# #....#
### # #....#
...# ##.
#....#.C..#
....#..W.#D...#
...§.cCppDW...#
###§§ppppp*####
...§QDX8ppQ....
...§☼pppp9p....
...§.pppppC....
......pppp9O...
#.#...§pCcO####
.#p.....OOOO
#.#.#....#...
.#.#.....##.c.


You could see 2 shadow dragons, a tentacled monstrosity, 3 ironheart preservers,
a storm dragon (wandering), 2 frost giants, 2 stone giants, a vault warden
(extremely poisoned), 2 tengu reavers, a yaktaur captain, 20 vault guards, an
ogre mage, 2 war gargoyles, a vault sentinel (extremely poisoned), a phantasmal
warrior, 2 yaktaurs, a freezing wraith, 5 ogres and a battlesphere.

Vanquished Creatures
  3 bone dragons (Abyss:2)
  Rupert (Lair:4)
  2 deep elf blademasters (Elf:3)
  Jorgrun (Elf:1)
  A sphinx (Vaults:3)
  2 deep elf master archers (Elf:3)
  4 tentacled starspawn (Abyss:2)
  Donald (Lair:2)
  2 frost giants (Vaults:4)
  4 deep elf sorcerers (Elf:3)
  A fire giant (Vaults:4)
  A cacodemon (Abyss:2)
  14 vault wardens
  2 ghost moths
  An orc warlord (Elf:1)
  Louise (Spider:1)
  3 deep elf elementalists (Elf:3)
  Aizul (Shoals:2)
  7 emperor scorpions
  7 very ugly things
  A reaper (Abyss:2)
  5 stone giants
  16 ironheart preservers
  2 entropy weavers
  6 deep elf annihilators
  A spark wasp (Spider:1)
  5 deep elf demonologists
  4 deep elf death magi (Elf:3)
  4 merfolk javelineers
  3 fire dragons
  7 yaktaur captains
  3 ettins
  5 merfolk impalers
  4 deep elf high priests
  4 great orbs of eyes
  16 vault guards
  Erolcha (D:12)
  13 ogre magi
  2 rakshasas
  5 hydras
  36 two-headed ogres
  Harold (D:7)
  5 centaur warriors
  3 ice dragons
  3 merfolk avatars
  4 death knights
  Erica (D:11)
  32 dancing weapons
  4 satyrs
  An alligator (shapeshifter) (D:15)
  A deep troll earth mage (Vaults:1)
  5 merfolk aquamancers
  2 thrashing horrors (Abyss:2)
  9 orc high priests
  Sonja (D:11)
  20 hell knights
  Urug (Lair:6)
  2 wretched stars (Abyss:2)
  15 deep elf knights
  A shadow wraith (Vaults:4)
  A soul eater (Abyss:2)
  20 slime creatures
  A sixfirhy (Abyss:2)
  2 torturous demonspawn (Orc:2)
  A spatial maelstrom (Abyss:2)
  2 unseen horrors
  9 sea snakes
  A gelid demonspawn (Orc:2)
  A flayed ghost (Vaults:4)
  15 deep elf archers
  2 glowing orange brains
  An infernal demonspawn (Orc:2)
  3 wizards
  3 deep trolls (Vaults:1)
  3 starcursed masses (Abyss:2)
  Pikel (D:8)
  18 orc knights
  16 orb spiders
  2 necromancers
  5 harpies
  11 ironbrand convokers
  37 wolf spiders
  An orb spider (shapeshifter) (D:15)
  17 ugly things
  16 manticores
  55 deep elf magi
  22 fauns
  8 orc sorcerers
  7 merfolk sirens
  2 oklob plants (Elf:1)
  3 salamanders (Volcano)
  2 worldbinders (Abyss:2)
  8 elephants
  7 cyclopes
  A salamander (shapeshifter) (D:15)
  2 centaur zombies (D:11)
  5 moths of wrath
  4 water nymphs
  Joseph (D:9)
  3 smoke demons
  18 vault sentinels
  A black mamba (shapeshifter) (Vaults:1)
  An elephant (shapeshifter) (Vaults:4)
  A torpor snail (shapeshifter) (Abyss:2)
  An apocalypse crab (Abyss:2)
  A guardian serpent (shapeshifter) (Vaults:4)
  5 black mambas
  2 orange demons (Abyss:2)
  4 gargoyles
  22 spiny frogs
  3 torpor snails
  A hellion (Vaults:2)
  3 rime drakes
  A komodo dragon (shapeshifter) (Vaults:4)
  An ice devil (Orc:2)
  36 yaktaurs
  A rime drake (shapeshifter) (D:15)
  5 komodo dragons
  4 freezing wraiths
  A tengu conjurer (D:13)
  2 hellwings (Orc:2)
  18 demonic crawlers
  A guardian mummy (Vaults:1)
  A yaktaur (shapeshifter) (D:13)
  3 ancient zymes (Abyss:2)
  3 efreet
  A tormentor (Abyss:2)
  A troll (shapeshifter) (D:15)
  33 jumping spiders
  35 merfolk
  4 tyrant leeches
  7 trolls
  A hornet (shapeshifter) (Vaults:2)
  21 raiju
  Grinder (D:3)
  4 wind drakes
  7 hornets
  33 blink frogs
  4 dream sheep (Shoals:2)
  11 snapping turtles
  9 hippogriffs
  A shadow (D:13)
  11 water elementals
  A redback (shapeshifter) (Elf:3)
  A spriggan (shapeshifter) (Vaults:4)
  3 flying skulls (Abyss:2)
  2 ynoxinuls (Abyss:2)
  86 redbacks
  33 tarantellas
  8 wyverns
  7 wraiths
  A vampire (Abyss:2)
  A basilisk (shapeshifter) (D:10)
  A fire dragon skeleton (Abyss:2)
  6 fire bats (Volcano)
  26 yaks
  Grum (D:10)
  A steam dragon (Volcano)
  3 basilisks
  Eustachio (D:5)
  A hog (shapeshifter) (Elf:3)
  A yaktaur simulacrum (Vaults:2)
  A chaos spawn (Orc:2)
  3 hungry ghosts
  A redback simulacrum (D:14)
  Menkaure (D:6)
  10 vampire mosquitoes
  2 spatial vortices (Abyss:2)
  4 wargs
  3 acid dragons
  10 large abominations (Abyss:2)
  4 porcupines
  8 water moccasins
  8 small abominations
  A slave (D:7)
  62 orc warriors
  3 eyes of draining
  11 ice beasts
  4 sky beasts
  2 necrophages
  44 ogres
  2 phantoms
  4 boggarts (Vaults:1)
  13 wolves
  17 centaurs
  12 crocodiles
  3 big kobolds
  25 bullfrogs
  2 earth elementals
  A wyvern skeleton (D:8)
  A glowing shapeshifter simulacrum (Vaults:1)
  A water moccasin skeleton (D:10)
  A scorpion (D:7)
  5 killer bees (D:10)
  A howler monkey (D:4)
  3 wights (D:15)
  9 electric eels
  10 crimson imps
  A bullfrog zombie (D:5)
  3 quasits
  33 orc priests
  4 human zombies (D:7)
  2 bullfrog skeletons
  6 hounds
  A gnoll shaman (D:4)
  11 jellies
  4 iron imps
  2 human skeletons (D:7)
  4 iguanas
  26 orc wizards
  7 worker ants
  A hound skeleton (D:5)
  A mummy (D:7)
  3 worker ant zombies
  6 gnolls
  22 adders
  3 shadow imps
  2 white imps
  2 ufetubi (Abyss:2)
  6 oozes
  2 adder skeletons (D:4)
  A worm (D:4)
  5 dart slugs
  8 leopard geckos
  136 orcs
  9 bats
  9 giant cockroaches
  8 goblins
  7 hobgoblins
  16 jackals
  22 kobolds
  5 quokkas
  3 ball pythons
  8 frilled lizards
  A jackal skeleton (D:5)
  2 orc zombies (D:7)
  A quokka skeleton (D:7)
  A quokka zombie (D:2)
  7 rats
  2 plants
  A starspawn tentacle (Abyss:2)
1836 creatures vanquished.

Vanquished Creatures (collateral kills)
  A hellephant (Vaults:2)
  Asterion (Vaults:1)
  A skeletal warrior (D:12)
  A sixfirhy (Orc:2)
  An ironbrand convoker (Vaults:1)
  An orc sorcerer (Orc:2)
  An orange demon (Abyss:2)
  4 yaktaurs (Vaults:1)
  A demonic crawler (Abyss:2)
  A blink frog (Lair:5)
  A wraith (Abyss:2)
  A large abomination (Abyss:2)
  An orc warrior (Orc:2)
  An orc priest (Orc:2)
  2 orc wizards (Orc:2)
  An ufetubus (Abyss:2)
  8 orcs
  A starspawn tentacle (Abyss:2)
29 creatures vanquished.

Vanquished Creatures (others)
  2 vault guards (Vaults:5)
  An orb spider (Spider:4)
  A wizard (D:7)
  A yaktaur (Vaults:1)
  A jumping spider (Spider:4)
  A redback (Spider:1)
  A tarantella (Spider:1)
  A steam dragon (Volcano)
  A slave (D:8)
  An ogre (Vaults:3)
  An orc priest (Orc:2)
  An orc wizard (Vaults:2)
  3 orcs
  A kobold (D:8)
  A leopard gecko skeleton (D:8)
  19 fungi
  40 plants
  7 starspawn tentacles (Abyss:2)
  3 toadstools (D:12)
87 creatures vanquished.

Grand Total: 1952 creatures vanquished

Notes
Turn   | Place    | Note
-------+----------+-------------------------------------------
     0 | D:1      | DogServant the Draconian Transmuter began the quest for the
                  | Orb.
     0 | D:1      | Reached XP level 1. HP: 16/16 MP: 3/3
   218 | D:1      | Reached XP level 2. HP: 18/23 MP: 3/5
   739 | D:1      | Reached XP level 3. HP: 28/28 MP: 4/6
  2297 | D:3      | Reached XP level 4. HP: 34/35 MP: 7/7
  2301 | D:3      | Learned a level 2 spell: Sticks to Snakes
  2305 | D:3      | Learned a level 3 spell: Spider Form
  2947 | D:3      | Reached XP level 5. HP: 40/40 MP: 8/8
  3227 | D:3      | Found a sparkling altar of Nemelex Xobeh.
  3411 | D:3      | Found a runed translucent door.
  3412 | D:3      | Noticed MrPhil's ghost (amateur MiBe)
  3620 | D:3      | Reached skill level 5 in Unarmed Combat
  3845 | D:4      | Noticed Grinder
  3920 | D:4      | Reached XP level 6. HP: 43/47 MP: 9/9
  4037 | D:4      | Learned a level 3 spell: Confusing Touch
  4049 | D:4      | Identified the ring "Yrodah" {+Blink rC+ Stlth+}
  4703 | D:4      | Reached skill level 5 in Transmutations
  4944 | D:3      | Paralysed by Grinder for 5 turns
  4959 | D:3      | Killed Grinder
  4959 | D:3      | Your scales start taking on a fiery red colour.
  4959 | D:3      | Reached XP level 7. HP: 34/55 MP: 4/10
  4959 | D:3      | Gained mutation: Your flesh is heat resistant. (rF+) [Red
                  | Draconian growth]
  5733 | D:5      | Entered Level 5 of the Dungeon
  5759 | D:5      | Found a staircase to the Ecumenical Temple.
  5777 | Temple   | Entered the Ecumenical Temple
  6261 | D:5      | Reached XP level 8. HP: 51/61 MP: 9/11
  6261 | D:5      | Noticed Eustachio
  6301 | D:5      | Killed Eustachio
  6578 | D:5      | Gained mutation: Potions are less effective at restoring
                  | your health. [potion of mutation]
  6578 | D:5      | Gained mutation: Your magical capacity is low. (-10% MP)
                  | [potion of mutation]
  6578 | D:5      | Gained mutation: Your large and strong wings let you fly
                  | indefinitely. [potion of mutation]
  6837 | D:5      | Learned a level 5 spell: Blade Hands
  7010 | D:5      | Found a blossoming altar of Fedhas.
  7527 | D:6      | Noticed Menkaure
  7533 | D:6      | Killed Menkaure
  8135 | D:6      | Found a snail-covered altar of Cheibriados.
  8275 | D:6      | Reached XP level 9. HP: 67/71 MP: 8/10
  8746 | D:7      | Reached skill level 5 in Fighting
  8974 | D:7      | Found an ancient bone altar of Kikubaaqudgha.
  9148 | D:7      | Found a radiant altar of Vehumet.
  9218 | D:7      | Found a bloodstained altar of Trog.
  9231 | D:7      | Reached skill level 5 in Dodging
  9332 | D:7      | Found a transporter.
  9379 | D:7      | Found an ornate altar of the Wu Jian Council.
  9410 | D:7      | Found a transporter.
  9503 | D:7      | Noticed a wizard
  9506 | D:7      | Killed a wizard
  9645 | D:8      | Noticed Harold
  9897 | D:7      | Killed Harold
  9897 | D:7      | Reached XP level 10. HP: 84/84 MP: 6/11
  9901 | D:8      | Noticed Pikel
 10020 | D:8      | Killed Pikel
 10491 | D:8      | Found a burning altar of Makhleb.
 10497 | D:8      | Became a worshipper of Makhleb the Destroyer
 10564 | D:8      | Found a shattered altar of Ashenzari.
 10640 | D:8      | Found a shimmering altar of Xom.
 10650 | D:8      | Found a hazy altar of Hepliaklqana.
 10958 | D:8      | Noticed an elephant
 10968 | D:8      | Killed an elephant
 10973 | D:8      | Found a staircase to the Lair.
 12203 | D:9      | Found a stormy altar of Qazlal.
 12501 | D:9      | Found an opulent altar of Gozag.
 12518 | D:9      | Noticed Joseph
 12529 | D:9      | Killed Joseph
 12612 | D:10     | Entered Level 10 of the Dungeon
 12643 | D:10     | Reached XP level 11. HP: 66/94 MP: 11/14
 12719 | D:10     | Noticed Grum
 12738 | D:10     | Killed Grum
 13094 | D:10     | Reached * piety under Makhleb
 13199 | D:10     | Noticed a purple ugly thing
 13212 | D:10     | Killed a purple ugly thing
 13600 | D:10     | Noticed a two-headed ogre
 13612 | D:10     | Killed a two-headed ogre
 13755 | D:10     | Reached skill level 10 in Unarmed Combat
 14233 | D:10     | Reached ** piety under Makhleb
 14628 | D:11     | Noticed Sonja
 14637 | D:11     | Killed Sonja
 14637 | D:11     | Reached skill level 10 in Fighting
 14920 | D:11     | Found a staircase to the Orcish Mines.
 15117 | D:11     | Noticed Erica
 15131 | D:11     | Killed Erica
 15555 | D:11     | Reached *** piety under Makhleb
 15733 | D:11     | Reached skill level 10 in Dodging
 15770 | D:11     | Killed an unseen horror
 15770 | D:11     | Reached XP level 12. HP: 19/108 MP: 6/16
 16132 | D:11     | Noticed a centaur warrior
 16139 | D:11     | Killed a centaur warrior
 16462 | Lair:1   | Entered Level 1 of the Lair of Beasts
 17732 | Lair:2   | Found a dark tunnel.
 17860 | Volcano  | Entered a volcano
 17862 | Volcano  | Noticed a two-headed ogre
 17865 | Volcano  | Reached skill level 1 in Invocations
 17871 | Volcano  | Killed a two-headed ogre
 18244 | Volcano  | Noticed a two-headed ogre
 18254 | Volcano  | Killed a two-headed ogre
 18308 | Volcano  | Reached **** piety under Makhleb
 18402 | Volcano  | Noticed a fire dragon
 18411 | Volcano  | Noticed a two-headed ogre
 18415 | Volcano  | Killed a fire dragon
 18422 | Volcano  | Killed a two-headed ogre
 18498 | Volcano  | Reached skill level 10 in Transmutations
 18671 | Lair:2   | Noticed a six-headed hydra
 18676 | Lair:2   | Killed a six-headed hydra
 18676 | Lair:2   | Reached skill level 5 in Invocations
 18676 | Lair:2   | Reached XP level 13. HP: 101/118 MP: 17/17
 18730 | Lair:2   | Found a hole to the Spider Nest.
 19198 | Lair:2   | Found a staircase to the Shoals.
 19942 | Lair:3   | Found an iron altar of Okawaru.
 21101 | Lair:4   | Noticed Rupert
 21154 | Lair:4   | Killed Rupert
 21419 | Lair:5   | Found a staircase to the Slime Pits.
 22040 | Lair:6   | Entered Level 6 of the Lair of Beasts
 23011 | Lair:6   | Reached ***** piety under Makhleb
 23014 | Lair:6   | Reached XP level 14. HP: 126/126 MP: 13/18
 23279 | Lair:6   | Noticed Urug
 23287 | Lair:6   | Killed Urug
 24046 | Lair:6   | Learned a level 7 spell: Dragon Form
 24921 | D:12     | Noticed Erolcha
 24926 | D:12     | Killed Erolcha
 25291 | D:12     | Found a runed translucent gate.
 25291 | D:12     | Noticed Mryle's ghost (journeyman OpWn)
 25292 | D:12     | Noticed bananovenc's ghost (journeyman GnSk)
 25293 | D:12     | Found a runed translucent gate.
 25293 | D:12     | Found a runed translucent gate.
 25461 | D:12     | Found a roughly hewn altar of Beogh.
 26016 | D:13     | Found Xarohuef's Assorted Antiques.
 26073 | D:13     | Bought a wand of acid (5) for 176 gold pieces
 26127 | D:13     | Bought a potion of mutation for 176 gold pieces
 26127 | D:13     | Lost mutation: Your large and strong wings let you fly
                  | indefinitely. [potion of mutation]
 26127 | D:13     | Lost mutation: Potions are less effective at restoring your
                  | health. [potion of mutation]
 26127 | D:13     | Gained mutation: You occasionally shout uncontrollably at
                  | your foes. [potion of mutation]
 26127 | D:13     | Gained mutation: You sometimes yell uncontrollably at your
                  | foes. [potion of mutation]
 26127 | D:13     | Gained mutation: You have sharp fingernails. [potion of
                  | mutation]
 26530 | D:13     | Found a burning altar of Makhleb.
 26623 | D:13     | Found Fimop's Magic Scroll Boutique.
 26626 | D:13     | Bought a scroll of acquirement for 780 gold pieces
 26626 | D:13     | Acquired the +0 cloak of Soft Rains {Str+2 Int+9 Stlth-}
 26845 | Orc:1    | Entered Level 1 of the Orcish Mines
 27423 | Orc:2    | Entered Level 2 of the Orcish Mines
 27423 | Orc:2    | Found a staircase to the Elven Halls.
 27567 | Orc:2    | Paralysed by an orc sorcerer for 7 turns
 28218 | Orc:2    | Found Gulemn's Distillery.
 28219 | Orc:2    | Reached ****** piety under Makhleb
 28247 | Orc:2    | Found Byinkah's Distillery.
 28316 | Orc:2    | Bought a potion of experience for 600 gold pieces
 28316 | Orc:2    | Reached skill level 5 in Spellcasting
 28316 | Orc:2    | Reached XP level 15. HP: 123/133 MP: 14/20
 28508 | Orc:2    | Reached XP level 16. HP: 141/141 MP: 16/21
 28812 | Orc:2    | Paralysed by an orc sorcerer for 2 turns
 28814 | Orc:2    | Gained mutation: You are frail. (-10% HP) [a neqoxec]
 28818 | Orc:2    | Found Roteq's Book Shop.
 28818 | Orc:2    | Found Kuyh's Antique Armour Boutique.
 28819 | Orc:2    | Found a one-way gate leading to the halls of Pandemonium.
 28840 | Orc:2    | Bought a heavily runed buckler for 323 gold pieces
 29240 | D:11     | Learned a level 6 spell: Statue Form
 29398 | Spider:1 | Entered Level 1 of the Spider Nest
 29398 | Spider:1 | Noticed Louise
 29400 | Spider:1 | Cast into level 2 of the Abyss (Louise)
 29429 | Abyss:2  | Identified the cursed +0 buckler of Honour {+Blink rPois
                  | rF+ MR-} (You bought it in a shop on level 2 of the Orcish
                  | Mines)
 29592 | Spider:1 | Escaped the Abyss
 29592 | Spider:1 | Identified the +2 kite shield "Toh Orgh" {rC+}
 29592 | Spider:1 | Noticed Donald
 30365 | Lair:3   | Found an iron altar of Okawaru.
 30968 | Lair:2   | Found a hole to the Spider Nest.
 31082 | Lair:2   | Killed Donald
 31149 | Lair:2   | Found a staircase to the Shoals.
 32007 | D:13     | Found a gate to the Vaults.
 32144 | D:13     | Paralysed by an ogre mage for 3 turns
 32707 | D:14     | Found a sparkling altar of Nemelex Xobeh.
 33076 | D:14     | Lost mutation: You are frail. (-10% HP) [potion of
                  | mutation]
 33076 | D:14     | Lost mutation: Your magical capacity is low. (-10% MP)
                  | [potion of mutation]
 33076 | D:14     | Lost mutation: You sometimes yell uncontrollably at your
                  | foes. [potion of mutation]
 33076 | D:14     | Lost mutation: You have sharp fingernails. [potion of
                  | mutation]
 33076 | D:14     | Gained mutation: You are agile. (Dex +2) [potion of
                  | mutation]
 33076 | D:14     | Gained mutation: Your skin changes colour to match your
                  | surroundings (Stealth+). [potion of mutation]
 33162 | D:14     | Gained mutation: Your body sometimes deteriorates upon
                  | taking damage. [mutagenic glow]
 33616 | D:15     | Entered Level 15 of the Dungeon
 33786 | D:15     | Got a scorched platinum ring
 33808 | D:15     | Found a frozen archway.
 34035 | D:15     | Found a staircase to the Depths.
 34859 | Shoals:1 | Entered Level 1 of the Shoals
 34889 | Shoals:1 | Identified the ring of Lakid Ciqe {Ice Str+3 Dex+3} (You
                  | found it on level 15 of the Dungeon)
 35231 | Shoals:1 | You fall into a shaft and drop 1 floor!
 35261 | Shoals:2 | Reached skill level 10 in Invocations
 35458 | Shoals:2 | Reached skill level 15 in Transmutations
 35488 | Shoals:2 | Reached XP level 17. HP: 119/152 MP: 24/24
 35790 | Shoals:2 | Noticed Aizul
 35806 | Shoals:2 | Killed Aizul
 38696 | Shoals:4 | Entered Level 4 of the Shoals
 39473 | Shoals:4 | Got a barnacled rune of Zot
 39841 | Shoals:4 | Got a transparent ruby amulet
 39842 | Shoals:4 | Identified the amulet of Ytobid {rC+ rN+ Regen+ Int-4} (You
                  | found it on level 4 of the Shoals)
 40345 | Vaults:1 | Entered Level 1 of the Vaults
 40452 | Vaults:1 | Reached skill level 1 in Earth Magic
 40608 | Vaults:1 | Reached skill level 15 in Unarmed Combat
 40608 | Vaults:1 | Reached XP level 18. HP: 160/160 MP: 26/26
 40617 | Vaults:1 | Noticed a Hell Sentinel
 41057 | Vaults:1 | Found a portal to a secret trove of treasure.
 41289 | Vaults:1 | Noticed Asterion
 41301 | Vaults:1 | Killed Asterion
 41310 | Vaults:1 | Reached skill level 5 in Earth Magic
 41816 | Vaults:1 | Identified the Handbook of Earth and Companions
 42701 | Vaults:2 | Found a huge runed gate.
 42701 | Vaults:2 | Found a huge runed gate.
 42702 | Vaults:2 | Found a huge runed gate.
 42702 | Vaults:2 | Found a huge runed gate.
 42702 | Vaults:2 | Found a huge runed gate.
 42702 | Vaults:2 | Found a huge runed gate.
 42702 | Vaults:2 | Found a huge runed gate.
 42702 | Vaults:2 | Found a huge runed gate.
 42702 | Vaults:2 | Found a huge runed gate.
 42704 | Vaults:2 | Found a huge runed gate.
 42704 | Vaults:2 | Found a huge runed gate.
 42704 | Vaults:2 | Found a huge runed gate.
 42704 | Vaults:2 | Found a huge runed gate.
 42704 | Vaults:2 | Found a huge runed gate.
 42704 | Vaults:2 | Found a huge runed gate.
 42705 | Vaults:2 | Found a huge runed gate.
 42706 | Vaults:2 | Found a huge runed gate.
 42707 | Vaults:2 | Found a huge runed gate.
 42715 | Vaults:2 | Found a huge runed gate.
 42715 | Vaults:2 | Found a huge runed gate.
 42715 | Vaults:2 | Found a huge runed gate.
 42715 | Vaults:2 | Found a huge runed gate.
 42715 | Vaults:2 | Found a huge runed gate.
 42715 | Vaults:2 | Found a huge runed gate.
 42715 | Vaults:2 | Found a huge runed gate.
 43743 | Vaults:2 | Reached skill level 1 in Shields
 44211 | Vaults:2 | Found a staircase to the Crypt.
 44650 | Vaults:2 | Found a huge runed gate.
 44651 | Vaults:2 | Found a huge runed gate.
 44660 | Vaults:2 | Found a huge runed gate.
 44660 | Vaults:2 | Found a huge runed gate.
 44660 | Vaults:2 | Found a huge runed gate.
 44660 | Vaults:2 | Found a huge runed gate.
 44660 | Vaults:2 | Found a huge runed gate.
 44660 | Vaults:2 | Found a huge runed gate.
 44660 | Vaults:2 | Found a huge runed gate.
 44661 | Vaults:2 | Found a huge runed gate.
 44683 | Vaults:2 | Found a huge runed gate.
 44886 | Vaults:2 | Reached XP level 19. HP: 168/168 MP: 22/27
 45148 | Vaults:2 | Identified the +8 great sword "Killer Klown's Peril" {vamp,
                  | *Rage rPois Str+8 Stlth+}
 45160 | Vaults:2 | Noticed a hellephant
 45173 | Vaults:2 | Killed a hellephant
 45173 | Vaults:2 | Reached skill level 15 in Fighting
 45792 | Spider:1 | Killed Louise
 46432 | Spider:2 | Reached skill level 15 in Dodging
 48002 | Spider:4 | Entered Level 4 of the Spider Nest
 48174 | Spider:4 | Reached skill level 10 in Earth Magic
 48767 | Spider:4 | Reached XP level 20. HP: 153/178 MP: 24/28
 49093 | Spider:4 | Got a gossamer rune of Zot
 49447 | Elf:1    | Entered Level 1 of the Elven Halls
 49631 | Elf:1    | Found Waje's Magic Scroll Emporium.
 49671 | Elf:1    | Found Ymidir's Assorted Antiques.
 49761 | Elf:1    | Bought a scroll of acquirement for 1092 gold pieces
 49761 | Elf:1    | Acquired the +0 hat of Activism {Str+3 Stlth+}
 49877 | Elf:1    | Noticed Jorgrun
 49884 | Elf:1    | Killed Jorgrun
 50188 | Elf:1    | Found Uluenuur's Weapon Boutique.
 50452 | Elf:1    | Got a fine ruby amulet
 50465 | Elf:1    | Identified the amulet of Weicikoi {Acrobat rC+ MP+9} (You
                  | found it on level 1 of the Elven Halls)
 51180 | Elf:2    | Cast into level 2 of the Abyss (+0 glaive of distortion)
 51354 | Abyss:2  | Found a corrupted altar of Lugonu.
 51368 | Abyss:2  | Noticed a bone dragon
 51377 | Abyss:2  | Killed a bone dragon
 51395 | Elf:2    | Escaped the Abyss
 51541 | Elf:2    | Found a runed translucent door.
 51563 | Elf:2    | Found a runed translucent door.
 51830 | Elf:3    | Entered Level 3 of the Elven Halls
 52597 | Elf:3    | Cast into level 2 of the Abyss (a deep elf sorcerer)
 52673 | Abyss:2  | Noticed a bone dragon
 52675 | Abyss:2  | Noticed a bone dragon
 52680 | Abyss:2  | Killed a bone dragon
 52690 | Abyss:2  | Killed a bone dragon
 52851 | Elf:3    | Escaped the Abyss
 52858 | Elf:3    | Reached XP level 21. HP: 191/191 MP: 23/30
 53522 | Elf:3    | Identified the +9 scimitar "Keppott" {drain, rF+ rC+ MR+}
 53541 | Elf:3    | Identified the +9 war axe of Deutuf {chaos, rPois Dex-3
                  | Stlth+}
 53556 | Elf:3    | Identified the +5 great sword of Causality {flame, rElec
                  | MR+ Str+7 SInv Stlth-}
 53630 | Elf:3    | Cast into level 2 of the Abyss (a deep elf demonologist)
 53869 | Abyss:2  | Paralysed by you for 7 turns
 53945 | Abyss:2  | Gained mutation: Your magical capacity is low. (-10% MP)
                  | [mutagenic glow]
 53964 | Abyss:2  | Found a large runed translucent door.
 53964 | Abyss:2  | Found a large runed translucent door.
 54044 | Abyss:2  | Found a large runed translucent door.
 54129 | Elf:3    | Escaped the Abyss
 55409 | Orc:2    | Bought a Necronomicon for 1324 gold pieces
 55418 | Orc:2    | Learned a level 8 spell: Necromutation
 55715 | Vaults:3 | Reached skill level 1 in Necromancy
 56278 | Vaults:3 | Reached skill level 5 in Necromancy
 56701 | Vaults:3 | Reached XP level 22. HP: 205/205 MP: 28/28
 58516 | Vaults:4 | Reached skill level 10 in Necromancy
 58785 | Vaults:4 | Got a warped cloak
 58786 | Vaults:4 | Identified the +2 cloak of the Soldier {rN+} (You found it
                  | on level 4 of the Vaults)
 59300 | Vaults:5 | Entered Level 5 of the Vaults
 59325 | Vaults:5 | HP: 11/266 [vault guard/+0 great mace (4)]
 59325 | Vaults:5 | HP: 5/266 [tentacled monstrosity (6)]
 59326 | Vaults:5 | HP: 1/399 [tentacled monstrosity (5)]
 59326 | Vaults:5 | Mangled by a tentacled monstrosity

Illustrated notes

Levels and vault maps discovered:
D:1:      lemuel_arrival_behind_the_door_small, layout_rooms,
          hangedman_glass_teeth, minmay_unequal
D:2:      layout_basic, nrook_uturn
D:3:      layout_basic, nemelex_altar_shiori, ebering_ghost_inner_flame,
          minmay_joined_circles
D:4:      layout_basic, minmay_bent, uniq_grinder
D:5:      layout_loops_ring, fedhas_altar_1, minmay_temple_entry_grid,
          first_ration, uniq_eustachio
D:6:      minmay_diamond_boxcup, layout_loops_ring, slow_altar_2,
          minmay_fire_ice_demons, uniq_menkaure
D:7:      gammafunk_steamed_eel, layout_loops_ring, overflow_temple_1_default,
          vehumet_crystals, lemuel_mausoleum_altar_kikubaaqudgha,
          grunt_ogre_cave, trog_wizard
D:8:      layout_cave_pools, regret_index_temple_of_mockery,
          makhleb_grotto_becter, evilmike_ruin_ashenzari, david_lair_generic,
          serial_bayou_crossing, uniq_harold, uniq_pikel
D:9:      layout_roguey, grunt_gozag_statues, old_standard_altar,
          minmay_strange_pillars, serial_bayou_lagoon_a, uniq_joseph
D:10:     minmay_distorted_concentric_squares, layout_small_grid, uniq_grum
D:11:     layout_irregular_city, david_orc_2, uniq_erica, uniq_sonja
D:12:     layout_small_grid, special_room [special_room_orc],
          gammafunk_ghost_cemetery, minmay_gold_behind_fungi, uniq_erolcha
D:13:     layout_roguey, grunt_vaults_entry_fortified, basic_altar,
          serial_shops, nicolae_shop_waterfront, nicolae_shop_window_shopping
D:14:     layout_roguey, basic_altar
D:15:     gammafunk_enter_depths_forms, layout_loops_ring,
          portal_ice_cave_entry_ice_beasts, minmay_misc_feat_room
Temple:   nicolae_temple_figure_zero
Lair:1:   layout_long_grid, grunt_megastairs_3, lemuel_fruit_fields
Lair:2:   layout_roguey, elwin_shoals_entry_rooms, spider_nest_entry_rubble,
          enter_volcano_2, serial_bayou_shore_a
Lair:3:   layout_misc_corridors, basic_altar, lemuel_fruit_tree,
          grunt_megastairs_1
Lair:4:   layout_regular_city, uniq_rupert
Lair:5:   layout_hall_layers, nicolae_slime_entry_slimehenge
Lair:6:   minmay_lair_end_frog_pond, layout_loops_ring, serial_bayou_shore_b,
          infiniplex_staircase_pool_2, uniq_urug
Shoals:1: layout_shoals
Shoals:2: layout_shoals, uniq_aizul
Shoals:3: layout_shoals, nicolae_shoals_so_close
Shoals:4: shoals_end_simple, layout_shoals
Spider:1: layout_spider_delve, nicolae_spider_shape, uniq_louise, uniq_donald
Spider:2: layout_spider_delve
Spider:3: layout_spider_delve
Spider:4: grunt_spider_rune_circles, nicolae_spider_cling_ruins
Orc:1:    layout_diamond_mine
Orc:2:    pf_orc_diabolical, layout_diamond_mine
Elf:1:    dpeg_oklob_gauntlet, layout_loops_cross, serial_shops, shop,
          nicolae_shop_behind_doors, shop, special_room [special_room_orc],
          kennysheep_underground_church, minmay_strange_pillars, uniq_jorgrun
Elf:2:    layout_onion_city, minivault_14
Elf:3:    grunt_elf_hall_branching, layout_onion_city
Vaults:1: hangedman_vaults_unwind, nicolae_vaults_asterisk, v_misc_8,
          nicolae_vaults_three_branches, vaults_mumra_hexcomb, v_misc_11,
          nicolae_vaults_little_squares_4, nicolae_vaults_alarming, v_misc_5,
          ontoclasm_vaults_shout, layout_vaults_omnigrid,
          nicolae_trove_entry_path_of_doom, uniq_asterion
Vaults:2: v_misc_2, grunt_vaults_diagonal, blue_anna_dwarven_crypt,
          vaults_not_door_vault_due, v_misc_31, v_alt_pattern_6,
          hangedman_vaults_stretched_pinwheel, grunt_vaults_bifocal,
          hangedman_vaults_locks, grunt_vaults_funnel,
          nicolae_vaults_windows_and_doors_thing, nicolae_vaults_rhombus_7,
          layout_vaults_ring
Vaults:3: v_misc_30, ontoclasm_vaults_ring_small, ontoclasm_vaults_pinch,
          nicolae_vaults_an_arrangement, grunt_vaults_hallway_long, v_pattern_5,
          nicolae_vaults_rhombus_5, vaults_room_fours,
          nicolae_vaults_yaktaur_gun_rack, layout_vaults_chaotic_city
Vaults:4: ontoclasm_vaults_chip, nicolae_vaults_meeting, v_pattern_4,
          ontoclasm_vaults_fault, hangedman_vaults_corner,
          hangedman_vaults_snaps, nicolae_vaults_network_quinsquares
          [nicolae_vaults_network_quincunx_subvault,
          nicolae_vaults_network_quincunx_subvault,
          nicolae_vaults_network_quincunx_subvault,
          nicolae_vaults_network_quincunx_subvault], ontoclasm_vaults_hangar,
          hangedman_vaults_trim, layout_vaults_maze_snakey
Vaults:5

Skill      XL: |  1  2  3  4  5  6  7  8  9 10 11 12 13 14 15 16 17 18 19 20 21 22 |
---------------+-------------------------------------------------------------------+-----
Transmutations | 3 4 5 6 7 9 10 12 15 16 17 | 17.3
Unarmed Combat | 4 5 6 7 8 9 10 11 12 13 15 16 17 18 19 | 19.2
Dodging        | 2 3 5 7 10 11 13 14 15 | 15.0
Fighting       | 2 4 6 8 10 12 14 15 17 19 | 19.0
Spellcasting   | 3 4 5 6 |  6.1
Invocations    | 5 8 10 11 12 | 12.0
Earth Magic    | 4 8 10 | 10.5
Shields        | 4 |  4.0
Necromancy     | 7 12 | 12.2

Action                   |  1- 3 |  4- 6 |  7- 9 | 10-12 | 13-15 | 16-18 | 19-21 | 22-24 || total
-------------------------+-------+-------+-------+-------+-------+-------+-------+-------++-------
Melee: Unarmed           |   165 |   134 |    35 |   563 |   800 |  1093 |  1472 |   298 ||  4560
       Kick              |     8 |       |       |       |       |       |       |       ||     8
       Tailslap          |    20 |    18 |    47 |    73 |    88 |   189 |   222 |    56 ||   713
       Headbutt          |    16 |    18 |    40 |     3 |     1 |     2 |       |       ||    80
       Punch             |       |     4 |    13 |    18 |    28 |    75 |    44 |     1 ||   183
       Whip              |       |   116 |   314 |    39 |       |       |       |       ||   469
       Bite              |       |       |       |       |       |    71 |    54 |       ||   125
Throw: Dart              |       |       |       |       |       |     1 |       |       ||     1
 Cast: Beastly Appendage |    20 |    19 |    42 |     8 |     2 |     1 |       |       ||    92
       Sticks to Snakes  |       |     3 |       |       |       |       |       |       ||     3
       Spider Form       |       |     2 |     3 |     1 |       |       |       |       ||     6
       Blade Hands       |       |       |     3 |    64 |    77 |    17 |     1 |       ||   162
       Dragon Form       |       |       |       |       |       |    54 |    36 |     1 ||    91
       Statue Form       |       |       |       |       |       |     6 |    51 |    12 ||    69
Invok: Major Destruction |       |       |       |       |     8 |     7 |     8 |       ||    23
       Lesser Servant of |       |       |       |       |     7 |       |       |       ||     7
       Greater Servant o |       |       |       |       |     1 |     1 |     6 |     1 ||     9
 Abil: Breathe Fire      |       |       |     5 |     6 |    11 |     8 |     2 |       ||    32
       Fly               |       |       |     1 |       |       |       |       |       ||     1
       End Transformatio |       |       |       |     1 |       |     1 |       |       ||     2
Evoke: Wand              |       |     1 |       |    11 |     5 |       |     5 |     4 ||    26
  Use: Scroll            |       |     8 |     3 |    12 |     9 |    10 |    14 |     2 ||    58
       Potion            |       |     2 |     1 |       |     3 |     4 |     3 |     3 ||    16
 Stab: Sleeping          |       |     1 |    10 |     3 |     2 |     1 |     2 |     1 ||    20
       Distracted        |       |       |       |     2 |     1 |       |     6 |       ||     9
       Confused          |       |       |       |       |     2 |       |       |       ||     2
  Eat: Chunk             |     5 |     7 |    11 |    31 |    42 |    55 |    56 |    13 ||   220
       Ration            |       |     1 |     2 |     7 |     6 |    14 |    11 |     1 ||    42
Armor: Skin              |    57 |    82 |   174 |   196 |   142 |   398 |   610 |   168 ||  1827
Dodge: Dodged            |   130 |   176 |   246 |   462 |   770 |   922 |  1798 |   350 ||  4854
Block: Other             |       |       |       |       |   158 |   222 |    76 |       ||   456
       Reflection        |       |       |       |       |     4 |    47 |    39 |    19 ||   109
       Buckler           |       |       |       |       |       |    70 |   933 |   244 ||  1247
